 Dungeon Crawl Stone Soup version 0.29-a0-577-gafbf2c5d25 (webtiles) character file.

Game seed: 10507861585914585022

58 DocClef the Sneak (level 3, -2/33 HPs)
             Began as a Draconian Delver on June 13, 2022.
             Slain by an iguana (8 damage)
             ... on level 5 of the Dungeon.
             The game lasted 00:00:29 (666 turns).

DocClef the Sneak (Draconian Delver)                 Turns: 666, Time: 00:00:30

Health: -2/33      AC:  6    Str: 14    XL:     3   Next: 75%
Magic:  3/3        EV: 12    Int: 10    God:
Gold:   0          SH:  0    Dex: 14    Spells: 2/2 levels left

rFire   . . .      SeeInvis .   a - +0 short sword
rCold   . . .      Faith    .   (no shield)
rNeg    . . .      Spirit   .   (body armour unavailable)
rPois   .          Reflect  .   (helmet restricted)
rElec   .          Harm     .   (no cloak)
rCorr   .          Rampage  .   (no gloves)
Will    .....                   i - +0 pair of boots
Stlth   +++.......              (no amulet)
HPRegen 0.11/turn               (no ring)
MPRegen 0.08/turn               (no ring)

@: no status effects
A: AC +5, unfitting armour, cold-blooded
a: no special abilities


You were on level 5 of the Dungeon.
You visited 1 branch of the dungeon, and saw 1 of its levels.

Inventory:

Hand Weapons
 a - a +0 short sword (weapon)
Armour
 i - a +0 pair of boots (worn)
Wands
 f - a wand of digging (3)
Scrolls
 b - a scroll of fog
 c - a scroll of magic mapping
 d - a scroll of fear
 h - a scroll of identify {unknown}
Potions
 e - a potion of haste
 g - a potion of lignification {unknown}


   Skills:
 + Level 3.8 Fighting
 + Level 2.7 Short Blades
 + Level 2.3 Dodging
 + Level 4.9 Stealth


You had 2 spell levels left.
You didn't know any spells.
Your spell library was empty.

Dungeon Overview and Level Annotations

Branches:
Dungeon (5/15)
 Temple: D:4-7

Altars:


Innate Abilities, Weirdness & Mutations

Your plain brown scales are hard. (AC +5)
You cannot fit into any form of body armour.
You are cold-blooded and may be slowed by cold attacks.


Message History

The iguana is severely wounded.
The iguana barely misses you.
You hit the iguana but do no damage.
The iguana is severely wounded.
The iguana completely misses you.
You barely miss the iguana.
Your tail-slap misses the iguana.
The iguana is severely wounded.
The iguana barely misses you.
You barely miss the iguana.
You tail-slap the iguana, but do no damage.
Your punch misses the iguana.
The iguana is severely wounded.
The iguana barely misses you.
You hit the iguana.
You kill the iguana!
You see here an iguana corpse.
You see here an iguana corpse.
You start resting.
An iguana comes into view.
You see here an iguana corpse.
The iguana barely misses you.
You hit the iguana.
The iguana is lightly wounded.
The iguana bites you!
You hit the iguana.
You tail-slap the iguana, but do no damage.
The iguana is lightly wounded.
The iguana bites you!
* * * LOW HITPOINT WARNING * * *
You hit the iguana.
The iguana is moderately wounded.
The iguana bites you.
* * * LOW HITPOINT WARNING * * *
You hit the iguana but do no damage.
The iguana is moderately wounded.
The iguana closely misses you.
You hit the iguana.
Your tail-slap misses the iguana.
The iguana is heavily wounded.
The iguana bites you!
You die...

#.# #.. #..###
#....# ####....##
+........ ......
#...l###.# ).....
#...@....# .....
####.##### ##...#
### #.# ..... ..#
#†# #..# #.# #.#
###.|######.# #.#
#........##.# #.#
#....###.##.###.#
#<....##........#


You could see an iguana.

Vanquished Creatures
  An orc priest (D:5)
  An iguana (D:5)
  2 orcs (D:5)
4 creatures vanquished.

Notes
Turn   | Place    | Note
-------+----------+-------------------------------------------
     0 | D:5      | DocClef the Draconian Delver began the quest for the Orb.
     0 | D:5      | Reached XP level 1. HP: 19/19 MP: 1/1
   117 | D:5      | Noticed an acid dragon
   177 | D:5      | Noticed an orc priest
   186 | D:5      | Killed an orc priest
   187 | D:5      | Reached XP level 2. HP: 11/27 MP: 2/2
   187 | D:5      | Reached XP level 3. HP: 14/33 MP: 3/3
   666 | D:5      | Slain by an iguana

Illustrated notes

Levels and vault maps discovered:
D:5:      layout_loops_corners

Skill      XL: |  1 |
---------------+----+-----
Dodging        | 2 |  2.3
Fighting       | |  3.8
Short Blades   | |  2.7
Stealth        | |  4.9

Action                   || total
-------------------------++-------
Melee: Short sword       ||    42
       Tailslap          ||     7
Armor: Skin              ||     6
Dodge: Dodged            ||    29

Table legend: (Time is in decaauts)
 A = Elapsed time spent in this place.
 B = Non-inter-level travel time spent in this place.
 C = Inter-level travel time spent in this place.
 D = Time resting spent in this place.
 E = Time spent auto-exploring this place.
 F = Levels seen in this place.
 G = Mean time per level.
                   A        B        C        D        E       F      G
               +--------+--------+--------+--------+--------+-----+--------+
         Total |    665 |    629 |     36 |    321 |    215 |   1 |  665.0 |
       Dungeon |    665 |    629 |     36 |    321 |    215 |   1 |  665.0 |
               +--------+--------+--------+--------+--------+-----+--------+

Top non-repeatable levels by time:
     D:5: 665 daAuts
